 Dungeon Crawl Stone Soup version 0.23-a0-14-g8c9a20f (webtiles) character file.

33 Amnesiac the Conjurer (level 3, -7/24 HPs)
             Began as a Mummy Conjurer on Aug 2, 2018.
             Mangled by a bullfrog (8 damage)
             ... on level 2 of the Dungeon.
             The game lasted 00:01:19 (835 turns).

Amnesiac the Conjurer (Mummy Conjurer)               Turns: 835, Time: 00:01:19

Health: -7/24      AC:  3    Str: 11    XL:     3   Next: 12%
Magic:  5/8        EV: 11    Int: 15    God:
Gold:   0          SH:  0    Dex: 12    Spells: 6/9 levels left

rFire    x . .     SeeInvis .   (no weapon)
rCold    + . .     Gourm    .   (no shield)
rNeg     + + +     Faith    .   c - +0 leather armour
rPois    ∞         Spirit   .   (no helmet)
rElec    .         Reflect  .   (no cloak)
rCorr    .         Harm     .   (no gloves)
MR       .....                  (no boots)
Stlth    +.........             (no amulet)
HPRegen  0.08/turn              (no ring)
MPRegen  0.11/turn              (no ring)

@: no status effects
A: no food or potions, fire vulnerability, cold resistance 1, negative energy
resistance 3, torment resistance, unbreathing
a: no special abilities


You were on level 2 of the Dungeon.
You were not hungry.

You visited 1 branch of the dungeon, and saw 3 of its levels.

Inventory:

Armour
 c - a +0 leather armour (worn)
Scrolls
 b - a scroll of teleportation {!r, unknown}


   Skills:
 - Level 1.5 Dodging
 - Level 1.5 Stealth
 + Level 3.6 Spellcasting
 * Level 3.8 Conjurations


You had 6 spell levels left.
You knew the following spells:

 Your Spells              Type           Power        Failure   Level  Hunger
a - Magic Dart            Conj           ##..         5%          1    N/A
d - Searing Ray           Conj           ##....       8%          2    N/A

Your spell library contained the following spells:

 Spells                   Type           Power        Failure   Level  Hunger
 Iskenderun's Mystic Bla  Conj           ##......     45%         4    N/A
 Fulminant Prism          Conj/Hex       #.........   75%         4    N/A
 Dazzling Spray           Conj/Hex       #.....       34%         3    N/A
 Force Lance              Conj/Tloc      #.......     75%         4    N/A

Dungeon Overview and Level Annotations

Branches:
Dungeon (3/15)

Altars:


Innate Abilities, Weirdness & Mutations

You do not eat or drink.
Your flesh is vulnerable to fire.
You are immune to poison.
Your flesh is cold resistant. (rC+)
You are immune to negative energy. (rN+++)
You are immune to unholy pain and torment.
You can survive without breathing.


Message History

Aim: an orc, wielding a dagger The searing ray hits the orc.
The orc is heavily wounded. (Press . to maintain the ray.)
The orc misses you.
The searing ray hits the orc.
You kill the orc!
The adder bites you.
* * * LOW HITPOINT WARNING * * *
The searing ray hits the adder.
The adder is severely wounded.
The adder barely misses you.
The searing ray hits the adder.
You kill the adder!
You have reached level 3!
Your experience leads to an increase in your attributes!
Increase (S)trength, (I)ntelligence, or (D)exterity?
You feel clever.
You finish channeling your searing ray.
Things that are here:
a dagger; an adder corpse; an orc corpse
There is a stone staircase leading down here.
You see here a +0 robe.
You start resting.
Magic restored.
You start resting.
Magic restored.
You start resting.
HP restored.
You start resting.
HP restored.
You climb downwards.
The adder closely misses you. The bullfrog completely misses you.
The adder misses you. The bullfrog hits you.
The leopard gecko barely misses you.
There is a stone staircase leading up here.
The bullfrog hits you. The adder bites you.
* * * LOW HITPOINT WARNING * * *
The leopard gecko bites you.
* * * LOW HITPOINT WARNING * * *
The bullfrog hits you but does no damage.
You climb upwards.
There is a stone staircase leading down here.
You see here a +0 robe.
The bullfrog hits you.
* * * LOW HITPOINT WARNING * * *
The adder barely misses you.
There is a stone staircase leading up here.
The bullfrog closely misses you.
Casting: Searing Ray (safe; 8% risk of failure)
Confirm with . or Enter, or press ? or * to list all spells.
Aiming: Searing Ray (safe; 8% risk of failure)
Press: ? - help, Shift-Dir - straight line, f - bullfrog
Aim: a bullfrog The searing ray hits the bullfrog.
The bullfrog is moderately wounded. (Press . to maintain the ray.)
The bullfrog hits you.
* * * LOW HITPOINT WARNING * * *
The searing ray hits the bullfrog.
The bullfrog is heavily wounded.
The bullfrog hits you.
* * * LOW HITPOINT WARNING * * *
The bullfrog hits you!
You die...

#. #.# #+#
#.##########.#
#.##.........#
#.##.#######.##
#.##.# ####...###
##.##S###........#
#..@Fl.)..##÷..###
##.##.#######.##
####.# #.#
#.#######.#
#......)..#
#########.#
#.###### ##.......
#......##


You could see a bullfrog, an adder and a leopard gecko.

Vanquished Creatures
  2 adders (D:2)
  2 orcs (D:2)
  2 goblins (D:3)
  2 hobgoblins (D:1)
  3 kobolds (D:2)
  2 rats (D:3)
13 creatures vanquished.

Vanquished Creatures (others)
  11 toadstools (D:2)
11 creatures vanquished.

Grand Total: 24 creatures vanquished

Notes
Turn   | Place    | Note
-------+----------+-------------------------------------------
     0 | D:1      | Amnesiac the Mummy Conjurer began the quest for the Orb.
     0 | D:1      | Reached XP level 1. HP: 13/13 MP: 4/4
   284 | D:2      | Reached XP level 2. HP: 16/19 MP: 0/6
   288 | D:2      | Learned a level 2 spell: Searing Ray
   650 | D:3      | Noticed a bullfrog
   659 | D:2      | Reached XP level 3. HP: 10/24 MP: 2/8
   835 | D:2      | HP: 1/24 [bullfrog (1)]
   835 | D:2      | Mangled by a bullfrog

Vault maps used:
D:1:      saegor_arrival_simple_a
D:2:      cheibrodos_fertilizer, lemuel_doored_altar, uniq_crazy_yiuf_cottage
D:3:      gammafunk_ghost_nasty_kobolds

Skill      XL: |  1 |
---------------+----+-----
Spellcasting   | 3 |  3.6
Dodging        | |  1.5
Stealth        | |  1.5
Conjurations   | |  3.8

Action                   || total
-------------------------++-------
Melee: Unarmed           ||     6
 Cast: Magic Dart        ||    31
       Searing Ray       ||     2
Armor: Robe              ||     3
       Leather armour    ||     1
Dodge: Dodged            ||    27

Table legend:
 A = Spawn XP
 B = Non-spawn XP
 C = Spawn XP percentage of total XP
 D = Spawn monster count
 E = Non-spawn monster count
 F = Spawn count percentage of total count
 G = Total turns spent on level
                    A         B        C        D         E        F      G
               +---------+---------+-------+---------+---------+-------+---------
         Total |       0 |      48 |   0.0 |       0 |      13 |   0.0 |   835
               +---------+---------+-------+---------+---------+-------+---------
           D:1 |       0 |       4 |   0.0 |       0 |       2 |   0.0 |   121
           D:2 |       0 |      38 |   0.0 |       0 |       7 |   0.0 |   697
           D:3 |       0 |       6 |   0.0 |       0 |       4 |   0.0 |    17
               +---------+---------+-------+---------+---------+-------+---------
